 Dungeon Crawl Stone Soup version 0.32-a0-19-g28bc0835a1 (webtiles) character file.

Game seed: 6114602452337477700

120715 Essalna the Destroyer (level 16, -18/104 HPs)
             Began as a Gargoyle Fire Elementalist on Jan 16, 2024.
             Was the Champion of Vehumet.
             Demolished by a +6 glaive of protection (23 damage)
             ... on level 1 of the Elven Halls on Jan 17, 2024.
             The game lasted 01:10:43 (21410 turns).

Essalna the Destroyer (Gargoyle Fire Elementalist) Turns: 21410, Time: 01:10:44

Health: -18/104    AC: 31    Str: 15    XL:     16   Next: 47%
Magic:  7/26       EV: 16    Int: 25    God:    Vehumet [******]
Gold:   478        SH:  6    Dex: 16    Spells: 10/28 levels left

rFire   + + .        U - +6 spear of the Empty Page {drain, ^Contam rElec rF++ Str+2}
rCold   . . .        R - +0 buckler
rNeg    + . .        a - +0 troll leather armour
rPois   ∞            W - +2 helmet of Qena {rCorr Int+2}
rElec   +            i - +2 cloak {Stlth+}
rCorr   +            n - +0 pair of gloves
SInv    .            I - +0 pair of boots {Stlth+}
Will    +....        B - amulet of magic regeneration
Stlth   ++++         E - +4 ring of protection
HPRegen 1.17/turn    t - +6 ring of dexterity
MPRegen 0.60/turn

%: no passive effects
@: about to teleport, flying, very slightly contaminated
A: sickness immunity, AC +12, big wings, negative energy resistance 1,
electricity resistance, torment resistance 1, petrification resistance, subdued
magic 1
}: 1/15 runes: abyssal
a: Renounce Religion


You were on level 1 of the Elven Halls.
You worshipped Vehumet.
Vehumet was exalted by your worship.
You visited 5 branches of the dungeon, and saw 23 of its levels.
You visited the Abyss 1 time.
You also visited: Ice Cave.

You collected 1927 gold pieces.
You spent 1449 gold pieces at shops.

Inventory:

Hand Weapons
 U - the +6 spear of the Empty Page (weapon) {drain, ^Contam rElec rF++ Str+2}
   (You found it on level 2 of the Lair of Beasts)

   Str+2:     It affects your strength (+2).
   rF++:      It greatly protects you from fire.
   rElec:     It insulates you from electricity.
   ^Contam:   It causes magical contamination when unequipped.
Armour
 a - a +0 troll leather armour (worn)
 i - a +2 cloak of stealth (worn)
 n - a +0 pair of gloves (worn)
 s - a scarf of repulsion
 A - the +4 ring mail of Yletuka {rN+}
   (You found it on level 6 of the Dungeon)

   rN+:       It protects you from negative energy.
 I - a +0 pair of boots of stealth (worn)
 L - a +0 robe of cold resistance
 R - a +0 buckler (worn)
 W - the +2 helmet of Qena (worn) {rCorr Int+2}
   (You found it on level 2 of the Lair of Beasts)

   Int+2:     It affects your intelligence (+2).
   rCorr:     It protects you from acid and corrosion.
Jewellery
 d - a ring of fire
 r - a ring of fire
 t - a +6 ring of dexterity (right hand)
 B - an amulet of magic regeneration (around neck)
 E - a +4 ring of protection (left hand)
 F - an amulet of the acrobat
 G - a ring of positive energy
 P - a +4 ring of slaying
Wands
 y - a wand of mindburst (17)
 D - a wand of light (13)
 Q - a wand of iceblast (13)
Scrolls
 f - 2 scrolls of vulnerability
 g - 2 scrolls of teleportation
 j - 5 scrolls of enchant weapon
 k - 5 scrolls of noise
 l - a scroll of torment
 o - 5 scrolls of revelation
 p - 3 scrolls of fog
 u - a scroll of brand weapon
 v - 2 scrolls of enchant armour
 K - a scroll of poison
 N - 2 scrolls of immolation
 O - 2 scrolls of identify
 V - 5 scrolls of fear
 Y - a scroll of amnesia
Potions
 b - 3 potions of magic
 e - 2 potions of haste
 h - 4 potions of curing
 m - 4 potions of attraction
 q - 3 potions of brilliance
 w - a potion of resistance
 x - 3 potions of lignification
 z - a potion of heal wounds
 H - a potion of invisibility
 J - a potion of enlightenment
 M - 5 potions of might
 S - 2 potions of ambrosia
 T - 2 potions of degeneration
 Z - 2 potions of mutation
Miscellaneous
 C - a phantom mirror
 X - a lightning rod (4/4)


   Skills:
 + Level 13.1 Fighting
 - Level 13.0 Armour
 - Level 10.0 Dodging
 - Level 2.1 Stealth
 + Level 7.8 Shields
 + Level 6.9 Spellcasting
 + Level 14.6 Conjurations
 + Level 13.7 Fire Magic


You had 10 spell levels left.
You knew the following spells:

 Your Spells              Type           Power      Damage    Failure   Level
a - Foxfire               Conj/Fire      100%       2x1d9     0%          1
b - Scorch                Fire           100%       2d9       1%          2
c - Flame Wave            Conj/Fire      57%        2d14      1%          4
d - Bombard               Conj/Erth      17%        9d3       17%         6
e - Iskenderun's Battles  Conj           58%        2d11      1%          5

Your spell library contained the following spells:

 Spells                   Type           Power      Damage    Failure   Level
 Arcjolt                  Conj/Air       17%        1d27      3%          5
 Kiss of Death            Conj/Necr      100%       2d13      1%          1
 Momentum Strike          Conj/Tloc      68%        3d9       1%          2
 Inner Flame              Hex/Fire       33%        N/A       1%          3
 Mephitic Cloud           Conj/Alch/Air  25%        N/A       1%          3
 Volatile Blastmotes      Fire/Tloc      66%        2d15      1%          3
 Mercury Vapours          Alch/Air       12%        N/A       3%          2
 Summon Blazeheart Golem  Fire/Summ      33%        N/A       4%          4
 Summon Small Mammal      Summ           24%        N/A       8%          1
 Freezing Cloud           Conj/Ice/Air   12%        6-21      9%          5
 Blink                    Tloc           12%        N/A       13%         2
 Call Imp                 Summ           12%        N/A       13%         2
 Lesser Beckoning         Tloc           12%        N/A       13%         2
 Olgreb's Toxic Radiance  Alch           6%         N/A       22%         4
 Call Canine Familiar     Summ           6%         N/A       26%         3
 Confusing Touch          Hex            6%         N/A       26%         3
 Gell's Gravitas          Tloc           6%         N/A       26%         3
 Summon Ice Beast         Ice/Summ       6%         N/A       26%         3
 Teleport Other           Tloc           6%         N/A       26%         3
 Animate Dead             Necr           6%         N/A       65%         4
 Dispel Undead            Necr           6%         3d8       65%         4
 Spellforged Servitor     Conj/Summ      17%        N/A       65%         7
 Summon Mana Viper        Hex/Summ       6%         N/A       94%         5
 Dispersal                Tloc           3%         N/A       100%        6
 Haunt                    Necr/Summ      3%         N/A       100%        7
 Monstrous Menagerie      Summ           3%         N/A       100%        7
 Ozocubu's Refrigeration  Ice            3%         4d8       100%        7
 Summon Hydra             Summ           3%         N/A       100%        7
 Discord                  Hex            3%         N/A       100%        8
 Infestation              Necr           3%         N/A       100%        8
 Sublimation of Blood     Necr           Unusable   N/A       N/A         2

Dungeon Overview and Level Annotations

Branches:
Dungeon (13/15)            Temple (1/1) D:6            Lair (5/5) D:9
  Swamp (0/4) Lair:3       Spider (0/4) Lair:2        Slime (0/5) Lair:4
    Orc (2/2) D:12            Elf (2/3) Orc:2         IceCv (visited)
 Vaults: D:13-14

Altars:
Ashenzari
Cheibriados
Dithmenos
Elyvilon
Fedhas
Gozag
Hepliaklqana
Kikubaaqudgha
Makhleb
Nemelex Xobeh
Okawaru
Qazlal
Ru
Sif Muna
Trog
Uskayaw
Vehumet
Wu Jian
Xom
Yredelemnul
Zin
The Shining One
Jiyva

Shops:
D:3 *   D:4 :   D:8 [   Orc:2 ?*[(

Annotations:
Lair:4 2 runed translucent doors, Dawoas's ghost, journeyman VSEn
Elf:2 5 runed translucent doors


Innate Abilities, Weirdness & Mutations

You are immune to sickness and miasma.
Your stone body is resilient. (AC +12)
You are immune to poison.
Your large and strong wings let you fly.
You resist negative energy. (rN+)
You are resistant to electric shocks. (rElec)
You are resistant to unholy torment.
You are immune to petrification.
Your spells are a little easier to cast, but a little less powerful.


Message History

As you read the scroll of fear, it crumbles to dust.
You assume a fearsome visage.
The +6 glaive of protection is unaffected.
The deep elf knight looks frightened!
The deep elf archer looks frightened!
The foxfire hits something!
The foxfire hits the +6 glaive of protection but does no damage.
The +6 glaive of protection is heavily damaged.
The deep elf knight mumbles some strange words.
The deep elf knight flickers and vanishes!
The +6 glaive of protection misses you. Something closely misses you.
The deep elf archer gestures wildly while chanting.
The deep elf archer blinks!
The +6 glaive of protection hits you but does no damage.
You feel much better.
You hear some strange, mumbled words.
A shard of ice appears from out of thin air!
The shard of ice misses you.
The deep elf archer casts a spell.
The deep elf archer blinks!
The +6 glaive of protection hits you from afar!
* * * LOW HITPOINT WARNING * * *
You hear some strange, mumbled words.
A shard of ice appears from out of thin air!
The shard of ice misses you.
As you read the scroll of teleportation, it crumbles to dust.
You feel strangely unstable. Something hits you but does no damage.
The +6 glaive of protection hits you from afar!
* * * LOW HITPOINT WARNING * * *
The deep elf archer gestures wildly while chanting.
The deep elf archer blinks!
You hear some strange, mumbled words.
A shard of ice appears from out of thin air!
The shard of ice hits you!
* * * LOW HITPOINT WARNING * * *
The deep elf archer mumbles some strange words.
The deep elf archer blinks!
Something hits you but does no damage.
The +6 glaive of protection attacks as it pursues you!
The +6 glaive of protection hits you from afar!!
You die...

#### ##(##
##...###.##
##.....#'##
##.......##
#e.......*######
#.........'....+
#......(.>######
#.......##
##....@+#
##§...#.# #
####'##.# # #.#
#.# # #.# #.# #
#.# #.##### #
#.# #'...######
#.# #)>)..+...'
#.# #.....#####


You could see a deep elf archer (repels missiles, fleeing), a +6 glaive of
protection (ally target) and a friendly battlesphere.

Vanquished Creatures
  Rupert (Lair:3)
  A deep elf sorcerer (Elf:1)
  The ghost of Sp3rw3r the Bludgeoner, a journeyman MiFi of Elyvilon (Orc:2)
  6 hydras
  Erolcha (D:9)
  A centaur warrior (D:11)
  2 catoblepae
  A merfolk avatar (Lair:5)
  A death knight (D:11)
  3 boulder beetles
  7 dancing weapons
  5 two-headed ogres
  5 death yaks
  3 orc high priests (Orc:2)
  A thrashing horror (Abyss:3)
  A wretched star (Abyss:3)
  4 skeletal warriors (D:12)
  4 deep elf knights (Elf:1)
  3 skysharks
  A sixfirhy (Abyss:3)
  2 bog bodies (Lair:3)
  A lindwurm (Lair:5)
  9 deep elf zephyrmancers
  7 orc knights
  7 deep elf archers (Elf:1)
  8 deep elf pyromancers
  3 harpies (Lair:5)
  5 ugly things
  2 manticores (D:11)
  3 orc sorcerers
  A cyclops (D:11)
  4 elephants
  5 kobold blastminers (Orc:2)
  An oklob plant (Lair:2)
  2 ice statues (IceCv)
  A moth of wrath (Orc:2)
  6 black mambas
  A gargoyle (D:11)
  26 cane toads
  A torpor snail (Lair:4)
  2 kobold demonologists (D:11)
  An unseen horror (D:11)
  13 komodo dragons
  A freezing wraith (IceCv)
  6 rime drakes
  An anaconda simulacrum (IceCv)
  5 polar bears
  4 ice devils (IceCv)
  2 ancient zymes (Abyss:3)
  8 trolls
  A merfolk (D:11)
  A queen bee (D:11)
  Prince Ribbit (D:5)
  2 hornets
  24 blink frogs
  A raiju (Abyss:3)
  A wind drake (Lair:5)
  12 dream sheep
  5 slime creatures (D:12)
  2 snapping turtles (Lair:5)
  2 jumping spiders (Lair:2)
  3 air elementals (Elf:1)
  3 wraiths
  3 spriggans
  Sigmund (D:2)
  4 wyverns
  2 shadows
  55 yaks
  A fire elemental (Elf:2)
  7 wargs (Orc:2)
  A water elemental (Elf:1)
  6 basilisks
  A neqoxec (Abyss:3)
  A redback (Lair:2)
  Eustachio (D:5)
  A death yak simulacrum (IceCv)
  15 water moccasins
  An acid dragon (D:11)
  2 hydra simulacra (IceCv)
  An ice beast (D:8)
  3 black bears
  15 orc warriors
  A sky beast (D:7)
  3 centaurs (D:9)
  7 ogres
  3 wolves (Lair:4)
  2 phantoms (D:5)
  A weeping skull (Abyss:3)
  3 kobold brigands (D:9)
  Blork the orc (Orc:1)
  12 bullfrogs
  2 gnoll sergeants
  An earth elemental (Elf:1)
  6 necrophages
  An elephant simulacrum (IceCv)
  27 killer bees
  8 howler monkeys
  A crimson imp (D:11)
  A lava snake (Lair:1)
  5 hounds
  A gnoll bouda (D:6)
  13 orc priests
  2 sleepcaps (D:6)
  3 starcursed masses (Abyss:3)
  18 orc wizards
  4 hell rats (Lair:3)
  A spriggan simulacrum (IceCv)
  15 gnolls
  8 adders
  A naga simulacrum (IceCv)
  2 shadow imps
  2 white imps
  An ufetubus (Abyss:3)
  4 dart slugs
  64 orcs
  7 ball pythons
  5 endoplasms
  8 giant cockroaches
  7 goblins
  7 hobgoblins
  2 jackals (D:3)
  4 quokkas
  2 frilled lizards
  23 kobolds
  4 rats
662 creatures vanquished.

Vanquished Creatures (collateral kills)
  17 foxfires
17 creatures vanquished.

Vanquished Creatures (others)
  An ogre mage (Orc:2)
  An orc priest (Orc:2)
  2 orc wizards
  1783 foxfires
  16 starspawn tentacles (Abyss:3)
1803 creatures vanquished.

Grand Total: 2482 creatures vanquished

Notes
Turn   | Place    | Note
-------+----------+-------------------------------------------
     0 | D:1      | Essalna the Gargoyle Fire Elementalist began the quest for
                  | the Orb.
     0 | D:1      | Reached XP level 1. HP: 10/10 MP: 3/3
    87 | D:1      | Found a faded altar of an unknown god.
   190 | D:1      | Reached XP level 2. HP: 15/15 MP: 0/5
   896 | D:2      | Reached XP level 3. HP: 19/19 MP: 2/6
   898 | D:2      | Reached skill level 2 in Conjurations
  1458 | D:2      | Found an ornate altar of the Wu Jian Council.
  1571 | D:2      | Noticed Sigmund
  1577 | D:2      | Killed Sigmund
  1578 | D:2      | Reached skill level 3 in Conjurations
  1578 | D:2      | Reached XP level 4. HP: 24/24 MP: 0/9
  1578 | D:2      | Reached XP level 5. HP: 28/28 MP: 0/10
  1774 | D:3      | Found Loofeomm's General Store.
  2276 | D:3      | Reached XP level 6. HP: 32/32 MP: 8/11
  2468 | D:3      | Learned a level 2 spell: Scorch
  2994 | D:4      | Found a basalt altar of Yredelemnul.
  3115 | D:4      | Reached skill level 4 in Conjurations
  3598 | D:4      | Found Tyheje's Book Shop.
  3939 | D:5      | Entered Level 5 of the Dungeon
  4038 | D:5      | Reached skill level 5 in Fire Magic
  4038 | D:5      | Reached XP level 7. HP: 36/36 MP: 6/13
  4274 | D:5      | Noticed Eustachio
  4285 | D:5      | Killed Eustachio
  4286 | D:5      | Reached skill level 5 in Conjurations
  4893 | D:5      | Reached skill level 6 in Conjurations
  4893 | D:5      | Reached XP level 8. HP: 41/41 MP: 6/14
  4950 | D:5      | Noticed Prince Ribbit
  4959 | D:5      | Killed Prince Ribbit
  5037 | D:5      | Found a stormy altar of Qazlal.
  5381 | D:6      | Learned a level 4 spell: Flame Wave
  5404 | D:6      | Found a staircase to the Ecumenical Temple.
  5426 | Temple   | Entered the Ecumenical Temple
  5756 | D:6      | Reached skill level 1 in Fighting
  5760 | D:6      | Reached skill level 1 in Armour
  5946 | D:6      | Identified the +4 ring mail of Yletuka {rN+}
  6045 | D:6      | Found a shimmering altar of Xom.
  6084 | D:6      | Reached skill level 7 in Conjurations
  6626 | D:7      | Found a radiant altar of Vehumet.
  6631 | D:7      | Became a worshipper of Vehumet
  6642 | D:7      | Found a bloodstained altar of Trog.
  6703 | D:7      | Noticed a hornet
  6707 | D:7      | Killed a hornet
  6708 | D:7      | Reached XP level 9. HP: 49/49 MP: 10/15
  7467 | D:8      | Found a snail-covered altar of Cheibriados.
  7720 | D:8      | Found an ancient bone altar of Kikubaaqudgha.
  7720 | D:8      | Found a hazy altar of Hepliaklqana.
  7751 | D:8      | Found Dyprilek's Antique Armour Shop.
  7920 | D:8      | Found a sacrificial altar of Ru.
  7930 | D:8      | Found a sparkling altar of Nemelex Xobeh.
  8024 | D:9      | Reached * piety under Vehumet
  8024 | D:9      | Offered knowledge of Freeze by Vehumet.
  8029 | D:9      | Reached skill level 8 in Conjurations
  8029 | D:9      | Noticed Erolcha
  8040 | D:9      | Killed Erolcha
  8041 | D:9      | Reached XP level 10. HP: 52/58 MP: 1/16
  8093 | D:9      | Reached skill level 5 in Fighting
  8093 | D:9      | Reached skill level 5 in Armour
  8158 | D:9      | Found a staircase to the Lair.
  8572 | D:9      | Noticed a two-headed ogre
  8580 | D:9      | Killed a two-headed ogre
  8581 | D:9      | Reached skill level 9 in Conjurations
  8635 | D:9      | Offered knowledge of Sting by Vehumet.
  8843 | D:10     | Entered Level 10 of the Dungeon
  8843 | D:10     | Noticed a brown ugly thing
  8848 | D:10     | Killed a brown ugly thing
  8849 | D:10     | Reached skill level 5 in Dodging
  8965 | D:10     | Noticed a two-headed ogre
  8969 | D:10     | Killed a two-headed ogre
  9026 | D:10     | Reached XP level 11. HP: 65/65 MP: 11/17
  9133 | D:10     | Identified the +4 war axe of Qazlal's Anger {drain, rF-
                  | rN+++ Str+6 Dex-4}
  9388 | D:10     | Found a white marble altar of Elyvilon.
  9551 | D:10     | Found an iron altar of Okawaru.
  9634 | D:11     | Reached ** piety under Vehumet
  9635 | D:11     | Noticed a cyclops
  9681 | D:11     | Killed a cyclops
  9726 | D:11     | Found a frozen archway.
  9735 | IceCv    | Entered an ice cave
 10002 | IceCv    | Reached skill level 10 in Conjurations
 10315 | IceCv    | Noticed a reaper
 10509 | D:11     | Noticed a purple ugly thing
 10515 | D:11     | Killed a purple ugly thing
 10525 | D:11     | Noticed a death knight
 10547 | D:10     | Offered knowledge of Dazzling Flash by Vehumet.
 10548 | D:10     | Reached skill level 10 in Fire Magic
 10735 | D:11     | Reached XP level 12. HP: 73/73 MP: 7/18
 10739 | D:11     | Reached *** piety under Vehumet
 10741 | D:11     | Noticed a centaur warrior
 10755 | D:11     | Killed a centaur warrior
 10960 | D:11     | Killed a death knight
 11008 | D:11     | Reached skill level 1 in Shields
 11141 | D:11     | Noticed a four-headed hydra
 11151 | D:11     | Killed a four-headed hydra
 11177 | D:11     | Reached skill level 11 in Conjurations
 11198 | D:11     | Offered knowledge of Airstrike by Vehumet.
 11202 | D:11     | Noticed a two-headed ogre
 11208 | D:11     | Killed a two-headed ogre
 11707 | D:11     | Noticed a boulder beetle
 11774 | Lair:1   | Entered Level 1 of the Lair of Beasts
 11911 | Lair:1   | Reached **** piety under Vehumet
 11913 | Lair:1   | Reached XP level 13. HP: 80/80 MP: 17/19
 12040 | Lair:1   | Offered knowledge of Fulminant Prism by Vehumet.
 12489 | Lair:2   | Identified the +6 spear of the Empty Page {drain, ^Contam
                  | rElec rF++ Str+2}
 12748 | Lair:2   | Found a hole to the Spider Nest.
 12848 | Lair:2   | Reached skill level 10 in Armour
 12889 | Lair:2   | Reached skill level 10 in Fighting
 12889 | Lair:2   | Reached skill level 12 in Conjurations
 13061 | Lair:2   | Identified the +2 helmet of Qena {rCorr Int+2}
 13141 | Lair:2   | Reached ***** piety under Vehumet
 13393 | Lair:2   | Offered knowledge of Lee's Rapid Deconstruction by Vehumet.
 13906 | Lair:3   | Gained mutation: Your large and strong wings let you fly.
                  | [Gargoyle growth]
 13906 | Lair:3   | Reached XP level 14. HP: 87/88 MP: 20/20
 13921 | Lair:3   | Noticed Rupert
 14196 | Lair:3   | Found a staircase to the Swamp.
 14458 | Lair:3   | Paralysed by Rupert for 2 turns
 14576 | Lair:3   | Paralysed by Rupert for 2 turns
 14588 | Lair:3   | Killed Rupert
 14836 | Lair:4   | Reached skill level 13 in Conjurations
 14917 | Lair:4   | Found a viscous altar of Jiyva.
 14917 | Lair:4   | Found a staircase to the Slime Pits.
 15331 | Lair:4   | Found a large runed translucent door.
 15332 | Lair:4   | Found a large runed translucent door.
 15334 | Lair:4   | Noticed Dawoas's ghost (journeyman VSEn)
 15682 | Lair:4   | Upgraded the game from 0.32-a0-18-g89e19f1974 to
                  | 0.32-a0-19-g28bc0835a1
 16135 | Lair:5   | Entered Level 5 of the Lair of Beasts
 16180 | Lair:4   | Reached XP level 15. HP: 70/96 MP: 16/22
 16217 | Lair:5   | Reached skill level 5 in Shields
 16401 | Lair:5   | Reached skill level 5 in Spellcasting
 16809 | Lair:5   | Offered knowledge of Plasma Beam by Vehumet.
 17726 | D:12     | You are sucked into a shaft and drop 1 floor!
 17882 | D:12     | Found a snail-covered altar of Cheibriados.
 18059 | D:12     | Found a staircase to the Orcish Mines.
 18590 | Orc:1    | Entered Level 1 of the Orcish Mines
 18615 | Orc:1    | Noticed Blork the orc
 18623 | Orc:1    | Killed Blork the orc
 18822 | Orc:2    | Entered Level 2 of the Orcish Mines
 19091 | Orc:2    | Reached ****** piety under Vehumet
 19152 | Orc:2    | Found a transporter.
 19157 | Orc:2    | Noticed Sp3rw3r's ghost (journeyman MiFi)
 19178 | Orc:2    | Found a transporter.
 19371 | Orc:2    | Found a staircase to the Elven Halls.
 19539 | Orc:2    | Reached skill level 14 in Conjurations
 19557 | Orc:2    | Offered knowledge of Arcjolt by Vehumet.
 19623 | Orc:2    | Found Hied's Weapon Shop.
 19623 | Orc:2    | Found Peawnis's Magic Scroll Emporium.
 19646 | Orc:2    | Found Lukiy's Armour Shop.
 19646 | Orc:2    | Found Dufriaf's Assorted Antiques.
 19655 | Orc:2    | Bought a distressingly furry leather armour for 189 gold
                  | pieces
 19655 | Orc:2    | Identified the +1 leather armour of Avoa {rCorr} (You
                  | bought it in a shop on level 2 of the Orcish Mines)
 19661 | Orc:2    | Bought a scroll of acquirement for 936 gold pieces
 19661 | Orc:2    | Bought a scroll of blinking for 135 gold pieces
 19661 | Orc:2    | Bought a scroll of blinking for 135 gold pieces
 19661 | Orc:2    | Bought a scroll of teleportation for 54 gold pieces
 19665 | Orc:2    | Acquired a book of Power
 19676 | Orc:2    | Learned a level 6 spell: Bombard
 19682 | Orc:2    | Learned a level 5 spell: Iskenderun's Battlesphere
 19901 | Orc:2    | Killed Sp3rw3r's ghost
 19987 | Elf:1    | Entered Level 1 of the Elven Halls
 20079 | Elf:1    | Paralysed by an air elemental for 1 turns
 20095 | Elf:1    | Reached skill level 10 in Dodging
 20177 | Elf:1    | Reached XP level 16. HP: 103/103 MP: 17/25
 20224 | Elf:1    | You are sucked into a shaft and drop 1 floor!
 20229 | Elf:2    | Found a huge runed translucent gate.
 20229 | Elf:2    | Found a huge runed translucent gate.
 20229 | Elf:2    | Found a huge runed translucent gate.
 20229 | Elf:2    | Found a huge runed translucent gate.
 20229 | Elf:2    | Found a huge runed translucent gate.
 20552 | Abyss:3  | Cast into level 3 of the Abyss (a deep elf sorcerer)
 20625 | Abyss:3  | Found a corrupted altar of Lugonu.
 20716 | Abyss:3  | Found a corrupted altar of Lugonu.
 20752 | Abyss:3  | Gained mutation: Your spells are a little easier to cast,
                  | but a little less powerful. [a neqoxec]
 20843 | Abyss:3  | Noticed a tentacled starspawn
 20856 | Abyss:3  | Noticed a tentacled starspawn
 20862 | Abyss:3  | Noticed a tentacled starspawn
 20913 | Abyss:3  | Paralysed by an apocalypse crab for 1 turns
 20924 | Abyss:3  | Noticed a tentacled starspawn
 20931 | Abyss:3  | Found a corrupted altar of Lugonu.
 20931 | Abyss:3  | Noticed a tentacled starspawn
 20970 | Abyss:3  | Noticed a tentacled starspawn
 20972 | Abyss:3  | Got an abyssal rune of Zot
 20985 | Abyss:3  | Noticed a tentacled starspawn
 20986 | Abyss:3  | Noticed a revenant
 20995 | Abyss:4  | Found a corrupted altar of Lugonu.
 21005 | Abyss:4  | Found a corrupted altar of Lugonu.
 21049 | Elf:1    | Escaped the Abyss
 21409 | Elf:1    | HP: 4/104 [something/shard of ice (7)]
 21410 | Elf:1    | Demolished by a +6 glaive of protection

Illustrated notes

Levels and vault maps discovered:
D:1:      lightli_arrival_quake, layout_rooms,
          ebering_ecumenical_altar_abandoned, minivault_24
D:2:      layout_rooms, basic_altar, uniq_sigmund
D:3:      layout_loops_cross, serial_shops, nicolae_diamond_shop,
          hangedman_glass_teeth
D:4:      layout_rooms, nicolae_overflow_crystal_walls, serial_bayou_lagoon_a,
          nicolae_inconvenience_store, nicolae_concentric_dashed_squares_mild
D:5:      layout_gridville, mainiacjoe_overflow_paths, hangedman_decor_opposing,
          hangedman_abyss_or_decor_passed, uniq_prince_ribbit1, uniq_eustachio
D:6:      layout_cave_pods, mainiacjoe_overflow_alcove_2, temple_doors_cd
D:7:      layout_basic, kennysheep_little_box, overflow_temple_1_default
D:8:      layout_loops_ring, mainiacjoe_overflow_chevrons,
          mainiacjoe_overflow_big_doors, nicolae_overflow_two_pavilions,
          serial_shops, nicolae_shop_behind_doors, grunt_ministairs_15
D:9:      layout_irregular_city, david_lair_shrubbed, uniq_erolcha
D:10:     layout_loops_ring, lemuel_coloured_pillars_altar,
          nicolae_elyvilon_peaceful_grove
D:11:     regret_index_tunnel_blossom, layout_stronghold, portal_ice_cave_rime,
          hangedman_stone_soup
D:12:     layout_irregular_city, david_orc_2, cheibriados_altar_1
D:13:     layout_loops_ring, nzn_ghost_randoct, serial_park_tiny_2,
          nicolae_sextant
Temple:   eino_wide_crystal_templ
Lair:1:   layout_gridlike
Lair:2:   nzn_winding_woodlands_large [nzn_winding_woodlands_5x5_closed_star,
          nzn_winding_woodlands_5x15_jagged, nzn_winding_woodlands_hourglass,
          nzn_winding_woodlands_center_diamonds,
          nzn_winding_woodlands_15x15_boxy_spiral,
          nzn_winding_woodlands_center_lodge, nzn_winding_woodlands_5x5_default,
          nzn_winding_woodlands_5x15_pathside_ponds,
          nzn_winding_woodlands_5x5_open_star], layout_loops_ring,
          spider_nest_entry_a
Lair:3:   layout_loops_ring, skrybe_swamp_entry_bodies, uniq_rupert
Lair:4:   layout_layer_cave, dpeg_slime_entry_corner,
          ebering_ghost_disaster_area, roderic_carrion_pond, forest_entry_grove,
          grunt_megastairs_4, serial_bayou_shore_b, infiniplex_staircase_pool_2
Lair:5:   gammafunk_lair_ancient_temple, layout_misc_corridors
Orc:1:    minmay_goldmine, layout_caves, sword_in_stone
Orc:2:    grunt_orc_tribal_feast, layout_caves,
          gammafunk_ghost_berserking_beasts
Elf:1:    eino_elf_arrival_the_gate, layout_geoelf_octagon,
          hangedman_corner_corridor
Elf:2:    elven_hall_of_blades_hangedman_alternative
          [nicolae_blade_entry_area_security], layout_geoelf_diagonals,
          serial_shops, nicolae_shop_real_fake_doors,
          nicolae_shop_tiny_waterfront, shop, nicolae_take_the_stairs,
          mu_enter_wizlab_5

Skill      XL: |  1  2  3  4  5  6  7  8  9 10 11 12 13 14 15 16 |
---------------+-------------------------------------------------+-----
Conjurations   | 3 4 6 7 8 9 10 11 12 13 14 | 14.6
Spellcasting   | 3 4 6 |  6.9
Fire Magic     | 4 5 6 7 8 9 10 11 12 13 | 13.7
Fighting       | 2 4 6 8 9 10 11 12 13 | 13.1
Armour         | 2 4 6 8 9 10 11 12 13 | 13.0
Dodging        | 2 4 5 6 7 8 9 10 | 10.0
Shields        | 3 4 6 7 |  7.8
Stealth        | |  2.1

Action                     |  1- 3 |  4- 6 |  7- 9 | 10-12 | 13-15 | 16-18 || total
---------------------------+-------+-------+-------+-------+-------+-------++-------
  Melee: Unarmed           |    24 |    34 |    16 |    16 |    14 |       ||   104
         Punch             |     1 |       |       |       |       |       ||     1
         War axe           |       |       |       |     7 |       |       ||     7
         Spear             |       |       |       |       |    57 |     3 ||    60
   Cast: Foxfire           |    80 |   119 |   215 |   187 |   330 |   115 ||  1046
         Scorch            |       |     4 |    14 |    75 |   181 |    19 ||   293
         Flame Wave        |       |       |     7 |    67 |   149 |    24 ||   247
         Iskenderun's Batt |       |       |       |       |     2 |     8 ||    10
         Bombard           |       |       |       |       |       |    14 ||    14
  Evoke: Wand              |       |       |       |     3 |     9 |       ||    12
    Use: Potion            |       |       |     1 |     1 |     8 |     7 ||    17
         Scroll            |       |       |       |     1 |    29 |    14 ||    44
   Stab: Sleeping          |       |       |       |       |     2 |       ||     2
 Armour: Robe              |    21 |    16 |       |    44 |       |       ||    81
         Leather armour    |       |    13 |    42 |     8 |       |       ||    63
         Troll leather arm |       |       |       |   168 |   471 |   225 ||   864
  Dodge: Dodged            |    15 |    36 |    38 |   186 |   363 |   111 ||   749
  Block: Buckler           |       |       |       |    26 |   161 |    44 ||   231

Table legend: (Time is in decaauts)
 A = Elapsed time spent in this place.
 B = Non-inter-level travel time spent in this place.
 C = Inter-level travel time spent in this place.
 D = Time resting spent in this place.
 E = Time spent auto-exploring this place.
 F = Levels seen in this place.
 G = Mean time per level.
                   A        B        C        D        E       F      G
               +--------+--------+--------+--------+--------+-----+--------+
         Total |  21356 |  20394 |    962 |    280 |  15597 |  26 |  821.4 |
       Dungeon |  12346 |  11844 |    502 |    154 |   9798 |  13 |  949.7 |
        Temple |     11 |      1 |     10 |      0 |      0 |   1 |   11.0 |
          Lair |   5660 |   5277 |    383 |     26 |   4016 |   5 | 1132.0 |
  Orcish Mines |   1369 |   1305 |     64 |      0 |    900 |   2 |  684.5 |
   Elven Halls |    926 |    924 |      2 |     52 |    506 |   2 |  463.0 |
         Abyss |    424 |    424 |      0 |      0 |      0 |   2 |  212.0 |
      Ice Cave |    617 |    617 |      0 |     48 |    376 |   1 |  617.0 |
               +--------+--------+--------+--------+--------+-----+--------+

Top non-repeatable levels by time:
    D:11: 1647 daAuts
  Lair:4: 1486 daAuts
  Lair:2: 1448 daAuts
     D:5: 1435 daAuts
     D:6: 1200 daAuts
   Orc:2: 1166 daAuts
     D:4: 1135 daAuts
  Lair:1: 1085 daAuts
     D:2: 951 daAuts
     D:1: 942 daAuts
    D:10: 924 daAuts
     D:3: 919 daAuts
     D:9: 909 daAuts
  Lair:3: 852 daAuts
    D:12: 839 daAuts
